 Dungeon Crawl Stone Soup version 0.31.0-11-ge490571c62 (webtiles) character file.

Game seed: 3316604590849261198

1215 browni3141 the Chopper (level 8, 0/71 HPs)
             Began as a Minotaur Fighter on Jan 28, 2024.
             Slain by an orc warrior
             ... wielding a +0 glaive
              (7 damage)
             ... on level 6 of the Dungeon.
             The game lasted 00:02:17 (4895 turns).

browni3141 the Chopper (Minotaur Fighter)           Turns: 4895, Time: 00:02:18

Health: 0/71       AC: 10    Str: 23    XL:     8   Next: 22%
Magic:  7/7        EV: 10    Int:  5    God:
Gold:   259        SH:  6    Dex: 16    Spells: 7/7 levels left

rFire   . . .        a - +0 war axe
rCold   . . .        c - +0 buckler
rNeg    . . .        l - +3 ring mail
rPois   .            (helmet restricted)
rElec   .            t - +0 cloak
rCorr   +            (no gloves)
SInv    .            (no boots)
Will    .....        (no amulet)
Stlth   +            i - +6 ring of dexterity
HPRegen 0.31/turn    p - ring of resist corrosion
MPRegen 0.10/turn

%: no passive effects
@: no status effects
A: horns 2, retaliatory headbutt
a: no special abilities


You were on level 6 of the Dungeon.
You visited 1 branch of the dungeon, and saw 7 of its levels.

You collected 259 gold pieces.

Inventory:

Hand Weapons
 a - a +0 war axe (weapon)
Armour
 b - a +0 scale mail
 c - a +0 buckler (worn)
 l - a +3 ring mail (worn)
 t - a +0 cloak (worn)
Jewellery
 i - a +6 ring of dexterity (left hand)
 p - a ring of resist corrosion (right hand)
 y - a ring of fire
Wands
 j - a wand of paralysis (10)
 s - a wand of iceblast (18)
Scrolls
 f - 3 scrolls of identify {unknown}
 g - 5 scrolls of teleportation {unknown}
 h - 3 scrolls of vulnerability {unknown}
 k - a scroll of summoning {unknown}
 n - a scroll of noise {unknown}
 o - a scroll of poison {unknown}
 q - a scroll of immolation {unknown}
 r - a scroll of blinking {unknown}
 w - a scroll of fear {unknown}
 x - a scroll of enchant weapon {unknown}
Potions
 d - 3 potions of might
 e - 6 potions of curing {unknown}
 m - 2 potions of berserk rage {unknown}
 u - a potion of enlightenment {unknown}
 v - a potion of invisibility {unknown}
 z - a potion of magic {unknown}
 A - a potion of attraction {unknown}


   Skills:
 + Level 6.4 Fighting
 * Level 7.8 Axes
 + Level 6.4 Armour
 + Level 6.4 Shields


You had 7 spell levels left.
You didn't know any spells.
Your spell library contained the following spells:

 Spells                   Type           Power      Damage    Failure   Level
 Foxfire                  Conj/Fire      0%         2x1d4     67%         1
 Necrotise                Necr           0%         1d4       67%         1
 Cigotuvi's Dreadful Rot  Necr/Alch/Air  0%         N/A       82%         2
 Dazzling Flash           Conj/Hex       0%         N/A       96%         3
 Mephitic Cloud           Conj/Alch/Air  0%         N/A       96%         3
 Vampiric Draining        Necr           0%         2d6       96%         3
 Ignite Poison            Fire/Alch      0%         N/A       100%        4
 Martyr's Knell           Necr/Summ      0%         N/A       100%        4
 Curse of Agony           Necr           0%         N/A       100%        5
 Freezing Cloud           Conj/Ice/Air   0%         6-21      100%        5
 Silence                  Hex/Air        0%         N/A       100%        5
 Plasma Beam              Fire/Air       0%         2x1d10    100%        6
 Starburst                Conj/Fire      0%         6d3       100%        6


Dungeon Overview and Level Annotations

Branches:
Dungeon (7/15)
 Temple: D:4-7

Altars:
Dithmenos
Kikubaaqudgha
Zin

Shops:
D:4 [   D:7 *


Innate Abilities, Weirdness & Mutations

You have a pair of horns on your head.
You reflexively headbutt those who attack you in melee.


Message History

You are too confused!
The sky beast attacks as it pursues you!
The sky beast closely misses you.
You are too confused!
You bump into the rock wall.
The sky beast hits you but does no damage.
You are too confused!
You bump into the rock wall.
The sky beast hits you but does no damage.
You are too confused!
You are too confused!
You are too confused!
You feel less confused.
You barely miss the sky beast.
You headbutt the sky beast, but do no damage.
The sky beast is severely wounded.
The sky beast hits you but does no damage.
You slash the sky beast!
You kill the sky beast!
You hit the orc wizard. You headbutt the orc wizard.
The orc wizard is heavily wounded.
The orc wizard hits you but does no damage.
You closely miss the orc wizard.
The orc wizard is heavily wounded.
The orc wizard hits you with a +0 dagger.
You hit the orc wizard. Your headbutt misses the orc wizard.
The orc wizard is almost dead.
The orc wizard casts a spell at you. The magic dart hits you!
You barely miss the orc wizard.
The orc wizard is almost dead.
The orc wizard casts a spell.
The orc wizard flickers and vanishes!
Deactivating autopickup; reactivate with Ctrl-A.
Something hits you.
No target in view!
You miss something. Something hits you but does no damage.
No target in view!
You barely miss something. Something hits you but does no damage.
No target in view!
You miss something. Your headbutt misses something.
You hear some strange, mumbled words.
Something tries to affect you, but you resist.
No target in view!
You miss something. Something hits you.
No target in view!
You hit something.
Reactivating autopickup.
You feel a bit more experienced.
No target in view!
Things that are here:
a +0 dagger; a +0 robe No target in view!
No target in view!
No target in view!
No target in view!
Key pressed, stopping explore.
No target in view!
Key pressed, stopping explore.
No target in view!
Key pressed, stopping explore.
No target in view!
HP restored.
An orc warrior comes into view. It is wielding a +0 glaive.
The orc warrior shouts!
You hear a shout!
An orc wizard comes into view. It is wielding a +0 dagger.
You see here a +0 helmet.
There are monsters nearby!
There are monsters nearby!
There are monsters nearby!
An orc wizard comes into view. It is wielding a +0 dagger.
The orc wizard shouts! x2
You block the orc warrior's attack.
The orc wizard points at you and mumbles some strange words.
You are confused.
There are monsters nearby!
You are too confused!
You are too confused!
You are too confused!
You are too confused!
You bump into the rock wall.
The orc warrior hits you from afar with a +0 glaive!
You are too confused!
You are too confused!
You are too confused!
You bump into the rock wall.
The orc wizard gestures at you while chanting.
The puff of flame hits you.
The orc warrior hits you from afar with a +0 glaive!!
You are too confused!
You are too confused!
The orc warrior attacks as it pursues you!
The orc warrior hits you from afar with a +0 glaive!
You're too confused to move!
The orc warrior hits you from afar with a +0 glaive!
You bump into the rock wall.
The orc warrior hits you from afar with a +0 glaive!
You feel less confused.
The orc warrior hits you from afar with a +0 glaive!
You die...

#...........#.##.#
#..####..........### #..#
#[###........# #..#
##.#####.####.# #######..#
#......#.# ### #........#
#..###.))# ....
#.####...###..#####.####..##.
#.# #.......................
#.# #......#..@..[#.........
##.#####..###.####o#.####.#...
..#<.# #.>###.# #o### #
##.#.###......# ..#
#.......รท..##. ..o#
#..#..(.....>.#...o.
#..#..###..##....... #..#..#
..# .#..... #..#..#
.........#..


You could see an orc warrior.

Vanquished Creatures
  A sky beast (D:6)
  An ogre (D:4)
  A phantom (D:5)
  A bullfrog (D:6)
  3 scorpions
  A howler monkey (D:5)
  3 bombardier beetles (D:5)
  3 jellies
  3 hounds
  2 iguanas
  4 orc wizards
  7 gnolls
  6 adders
  A white imp (D:6)
  2 ufetubi (D:6)
  3 dart slugs
  3 ribbon worms
  13 orcs
  12 ball pythons
  7 endoplasms
  3 giant cockroaches
  8 hobgoblins
  7 kobolds
  6 quokkas
  3 bats
  3 frilled lizards
  2 goblins
  3 rats
112 creatures vanquished.

Vanquished Creatures (others)
  An orc wizard (D:4)
1 creature vanquished.

Grand Total: 113 creatures vanquished

Notes
Turn   | Place    | Note
-------+----------+-------------------------------------------
     0 | D:1      | browni3141 the Minotaur Fighter began the quest for the
                  | Orb.
     0 | D:1      | Reached XP level 1. HP: 19/19 MP: 0/0
   191 | D:1      | Reached XP level 2. HP: 25/27 MP: 1/1
   336 | D:1      | Reached skill level 3 in Axes
   828 | D:2      | Found an ancient bone altar of Kikubaaqudgha.
   862 | D:2      | Reached XP level 3. HP: 33/33 MP: 2/2
  1603 | D:3      | Reached XP level 4. HP: 29/40 MP: 3/3
  1671 | D:3      | Reached skill level 4 in Axes
  2015 | D:3      | Reached XP level 5. HP: 28/47 MP: 4/4
  2672 | D:4      | Reached skill level 5 in Axes
  2682 | D:4      | Reached XP level 6. HP: 24/55 MP: 5/5
  2893 | D:4      | Found Cuidic's Antique Armour Boutique.
  2907 | D:4      | Reached skill level 5 in Shields
  2910 | D:4      | Reached skill level 5 in Fighting
  2910 | D:4      | Reached skill level 5 in Armour
  3332 | D:4      | Reached skill level 6 in Axes
  3404 | D:4      | Reached XP level 7. HP: 58/61 MP: 6/6
  3682 | D:5      | Entered Level 5 of the Dungeon
  3920 | D:5      | Reached skill level 7 in Axes
  4094 | D:5      | You fall into a shaft and drop 2 floors!
  4154 | D:7      | Found Zin's Purification Station.
  4154 | D:7      | Found a glowing silver altar of Zin.
  4179 | D:6      | Found a shadowy altar of Dithmenos.
  4239 | D:6      | Reached XP level 8. HP: 60/70 MP: 7/7
  4895 | D:6      | Slain by an orc warrior

Illustrated notes

Levels and vault maps discovered:
D:1:      amcnicky_arrival_wind_blow, layout_basic, serial_glass,
          glass_columns_a, glass_columns_a
D:2:      layout_basic, basic_altar, minmay_cut_off
D:3:      minmay_angry_zag, layout_basic, serial_glass, glass_columns_a,
          glass_columns_c
D:4:      layout_loops_ring, serial_shops, shop
D:5:      layout_loops_ring
D:6:      layout_loops_ring, mainiacjoe_overflow_surrounded_room,
          minmay_temple_entry_slanted
D:7:      layout_basic, zin_purify, grunt_temple_overflow_forces_of_nature,
          serial_shops, shop

Skill      XL: |  1  2  3  4  5  6  7 |
---------------+----------------------+-----
Axes           | 3 4 5 6 7 |  7.8
Fighting       | 4 5 6 |  6.4
Armour         | 4 5 6 |  6.4
Shields        | 4 5 6 |  6.4

Action                     |  1- 3 |  4- 6 |  7- 9 || total
---------------------------+-------+-------+-------++-------
  Melee: War axe           |    84 |   137 |    86 ||   307
         Headbutt          |    15 |    22 |    16 ||    53
 Armour: Scale mail        |    41 |       |       ||    41
         Ring mail         |     7 |   106 |    63 ||   176
  Dodge: Dodged            |    33 |    41 |    28 ||   102
  Block: Buckler           |    23 |    26 |    25 ||    74
